 Dungeon Crawl Stone Soup version 0.16.1 (webtiles) character file.

15968 Riddley the Slicer (level 12, -10/82 HPs)
             Began as a High Elf Fighter on Mar 23, 2015.
             Was a High Priest of Okawaru.
             Killed from afar by an electric eel (14 damage)
             ... with a bolt of electricity
             ... on level 11 of the Dungeon.
             The game lasted 01:06:11 (15103 turns).

Riddley the Slicer (High Elf Fighter)              Turns: 15103, Time: 01:06:11

Health: -10/82     AC: 19    Str: 19    XL:     12   Next: 5%
Magic:  27/27      EV: 12    Int: 15    God:    Okawaru [*****.]
Gold:   728        SH: 18    Dex: 22    Spells: 0 memorised, 21 levels left

rFire  + . .     SeeInvis .     o - +2 rapier "Cirul" {freeze, +Fly rPois Dex+4}
rCold  . . .     Clarity  .     l - +1 chain mail {rPois}
rNeg   . . .     SustAb   .     u - +0 large shield
rPois  +         Gourm    .     z - +2 helmet
rElec  .         Spirit   .     L - +0 cloak {MR+}
rCorr  .         Warding  .     h - +2 pair of gloves
rMut   .         Stasis   .     (no boots)
MR     ++...                    (no amulet)
Stlth  ..........               s - +3 ring of evasion
                                i - +4 ring of strength (curse)

@: studying Shields, invisible, very resistant to hostile enchantments,
extremely unstealthy
A: blurry vision 1, fire resistance 1, spit poison 1
a: Spit Poison, Heroism, Finesse, Renounce Religion, Evoke Flight


You were on level 11 of the Dungeon.
You worshipped Okawaru.
Okawaru was extremely pleased with you.
You were not hungry.

You visited 2 branches of the dungeon, and saw 12 of its levels.

You collected 728 gold pieces.

Inventory:

Hand weapons
 a - a +1 long sword
 o - the +2 rapier "Cirul" (weapon) {freeze, +Fly rPois Dex+4}
   (You found it on level 4 of the Dungeon)

   It has been specially enchanted to freeze those struck by it, causing extra
   injury to most foes and up to half again as much damage against particularly
   susceptible opponents.
   It can also slow down cold-blooded creatures.
   It affects your dexterity (+4).
   It protects you from poison.
   It lets you fly.
 H - a cursed +2 short sword
 I - a +2 dagger of speed
Armour
 b - a +0 scale mail
 c - a +0 shield
 h - a +2 pair of gloves (worn)
 l - a +1 chain mail of poison resistance (worn)
 q - a +0 plate armour
 u - a +0 large shield (worn)
 y - a +0 pair of gloves
 z - a +2 helmet (worn)
 L - a +0 cloak of magic resistance (worn)
 N - a steam dragon hide
 V - a +0 pair of gloves
Magical staves
 t - an uncursed staff of energy {unknown}
 T - a cursed staff of death
Jewellery
 i - a cursed +4 ring of strength (left hand)
 r - an uncursed ring of wizardry
 s - a +3 ring of evasion (right hand)
Magical devices
 e - a wand of polymorph (14)
 f - a wand of confusion (0)
 k - a wand of paralysis (5)
 O - a wand of paralysis (6)
 P - a wand of enslavement (9)
 Q - a wand of disintegration (12)
 S - a wand of fire (3)
 U - a wand of draining (0)
Scrolls
 g - 6 scrolls of identify
 m - a scroll of immolation
 w - 5 scrolls of remove curse
 x - 3 scrolls of teleportation
 D - a scroll of recharging
 E - a scroll of blinking
 M - 2 scrolls of amnesia
Potions
 j - 3 potions of brilliance
 n - 3 potions of invisibility
 p - 4 potions of curing
 v - 3 potions of magic
 A - a potion of lignification
Books
 F - a manual of Shields
 G - a book of Clouds

   Spells                             Type                      Level
   a - Mephitic Cloud                 Conjuration/Poison/Air       3
   b - Conjure Flame                  Conjuration/Fire             3
   c - Poisonous Cloud                Conjuration/Poison/Air       6
   d - Freezing Cloud                 Conjuration/Ice/Air          6
   e - Ring of Flames                 Charms/Fire                  7
 K - a book of Envenomations

   Spells                             Type                      Level
   a - Spider Form                    Transmutation/Poison         3
   b - Alistair's Intoxication        Transmutation/Poison         4
   c - Olgreb's Toxic Radiance        Poison                       4
   d - Poisonous Cloud                Conjuration/Poison/Air       6
 R - a book of the Dragon

   Spells                             Type                      Level
   a - Flight                         Charms/Air                   3
   b - Cause Fear                     Hexes                        4
   c - Bolt of Fire                   Conjuration/Fire             6
   d - Dragon Form                    Transmutation                7
   e - Dragon's Call                  Summoning                    9
Miscellaneous
 W - a phantom mirror
Comestibles
 d - 10 bread rations
 B - 4 royal jellies
 C - 6 meat rations


   Skills:
 + Level 8.1 Fighting
 * Level 10.8(12.0) Short Blades
 + Level 9.0(11.2) Long Blades
 + Level 3.9 Throwing
 + Level 7.9 Armour
 + Level 6.5 Dodging
 + Level 10.0 Shields
 + Level 2.8 Unarmed Combat
 + Level 5.1 Spellcasting
   Level 2.9 Conjurations
   Level 3.3 Charms
 + Level 0.2 Invocations


You had 21 spell levels left.
You didn't know any spells.

Dungeon Overview and Level Annotations

Branches:
Dungeon (11/15)            Temple (1/1) D:6             Orc (0/4) D:10
   Lair: D:8-11

Altars:
Ashenzari
Cheibriados
Dithmenos
Elyvilon
Fedhas
Gozag
Kikubaaqudgha
Makhleb
Nemelex Xobeh
Okawaru
Qazlal
Ru
Sif Muna
Trog
Vehumet
Xom
Yredelemnul
Zin
The Shining One
Beogh


Innate Abilities, Weirdness & Mutations

Scrolls take you a little longer to read.
Your flesh is heat resistant.
You can spit poison.


Message History

The bolt of electricity hits you!
* * * LOW HITPOINT WARNING * * *
A crocodile comes into view.
The electric eel shoots out a bolt of lightning at you!
The bolt of electricity hits you!
* * * LOW HITPOINT WARNING * * *
The electric eel shoots out a bolt of lightning at you!
The bolt of electricity hits you!
* * * LOW HITPOINT WARNING * * *
The electric eel shoots out a bolt of lightning at you!
The bolt of electricity hits the electric eel.
The electric eel resists.
The bolt of electricity hits you!
* * * LOW HITPOINT WARNING * * *
Drink which item? (? for menu, Esc to quit)
Okay, then.
Drink which item? (? for menu, Esc to quit)
You fade into invisibility!
The electric eel shoots out a bolt of lightning at you!
The bolt of electricity hits you!
You die...

≈....##########
≈≈;?...........#
≈t;;.. #.......#
......# #.......#
≈≈≈....##.......#
≈≈.(.....#.......#
≈≈≈≈≈..#.#.......#
≈≈≈≈.....#....(..#
≈≈≈.....@#.......#
:......#†#.......#
......#.'.....).#
#########.......#
##'###### ###(#
###...# ..#
#...### ......#
##'###########


You could see 3 electric eels.

Vanquished Creatures
  A hydra (D:11)
  The ghost of zureal the Fighter, an experienced GrMo of the Shining One (D:10)
  An unseen horror (D:11)
  2 hill giants
  2 cyclopes (D:11)
  An ugly thing (D:11)
  An orc knight (D:10)
  Maurice (D:8)
  A merfolk (D:10)
  2 two-headed ogres
  A trapdoor spider zombie (D:11)
  A troll (D:10)
  4 deep elf magi
  2 wyverns (D:8)
  Eustachio (D:6)
  A deep elf fighter (D:10)
  Grum (D:8)
  2 hippogriffs
  A steam dragon (D:8)
  3 wolves
  A hungry ghost (D:10)
  2 vampire mosquitoes (D:9)
  Menkaure (D:6)
  A water moccasin (D:6)
  A wasp (D:11)
  2 black bears
  3 ice beasts
  3 necrophages
  9 orc warriors
  2 sky beasts
  An eye of draining (D:9)
  6 ogres
  4 phantoms
  2 crocodiles
  Duvessa (D:6)
  6 centaurs
  7 giant frogs
  2 big kobolds (D:9)
  4 scorpions
  13 killer bees
  A quasit (D:10)
  8 wights
  Dowan (D:6)
  5 crimson imps
  3 goliath beetles
  2 jellies
  12 hounds
  A gnoll shaman (D:8)
  10 orc priests
  3 centaur skeletons
  8 orc wizards
  A giant frog skeleton (D:6)
  4 worker ants
  2 iguanas
  Terence (D:3)
  A hound skeleton (D:10)
  A mummy (D:11)
  10 gnolls
  A worker ant zombie (D:8)
  10 adders
  2 shadow imps
  2 giant mites
  An adder skeleton (D:5)
  7 giant geckos
  An ooze (D:3)
  57 orcs
  2 ball pythons (D:1)
  12 bats
  A bat skeleton (D:7)
  5 giant cockroaches
  11 goblins
  15 hobgoblins
  5 jackals
  5 quokkas
  4 giant newts (D:2)
  21 kobolds
  15 rats
  5 ballistomycetes (D:6)
357 creatures vanquished.

Vanquished Creatures (others)
  A deep elf mage (D:9)
  A trapdoor spider zombie (D:9)
  A crimson imp (D:11)
  A giant spore (D:6)
4 creatures vanquished.

Grand Total: 361 creatures vanquished

Notes
Turn   | Place    | Note
--------------------------------------------------------------
     0 | D:1      | Riddley, the High Elf Fighter, began the quest for the Orb.
     0 | D:1      | Reached XP level 1. HP: 16/16 MP: 2/2
   428 | D:1      | Reached XP level 2. HP: 18/21 MP: 3/3
   955 | D:2      | Reached XP level 3. HP: 26/26 MP: 5/5
  1230 | D:2      | Reached skill level 1 in Dodging
  1609 | D:3      | Reached XP level 4. HP: 10/31 MP: 7/7
  2044 | D:3      | Reached skill level 5 in Fighting
  2044 | D:3      | Reached skill level 7 in Long Blades
  2044 | D:3      | Reached XP level 5. HP: 7/39 MP: 8/15
  2094 | D:3      | Reached skill level 8 in Long Blades
  2094 | D:3      | Reached skill level 5 in Armour
  2094 | D:3      | Reached skill level 5 in Dodging
  2094 | D:3      | Reached skill level 5 in Shields
  2094 | D:3      | Reached skill level 5 in Spellcasting
  2094 | D:3      | Reached XP level 6. HP: 24/46 MP: 16/20
  2305 | D:3      | Noticed Terence
  2324 | D:3      | Killed Terence
  2401 | D:3      | Noticed a giant frog
  2409 | D:3      | Killed a giant frog
  3048 | D:4      | Got a slimy rapier
  3066 | D:4      | Reached skill level 9 in Long Blades
  3069 | D:4      | Identified the +2 rapier "Cirul" {freeze, +Fly rPois Dex+4} (You found it on level 4 of the Dungeon)
  3294 | D:4      | Reached XP level 7. HP: 52/52 MP: 21/21
  3350 | D:4      | Found a blossoming altar of Fedhas.
  3606 | D:4      | Reached skill level 1 in Short Blades
  3794 | D:5      | Entered Level 5 of the Dungeon
  4639 | D:5      | Reached XP level 8. HP: 57/57 MP: 22/22
  5045 | D:6      | Found a staircase to the Ecumenical Temple.
  5045 | D:6      | Noticed Duvessa
  5046 | D:6      | Noticed Dowan
  5069 | D:6      | Killed Duvessa
  5098 | D:6      | Killed Dowan
  5119 | Temple   | Entered the Ecumenical Temple
  5303 | Temple   | Became a worshipper of Warmaster Okawaru
  5515 | D:6      | Noticed Menkaure
  5533 | D:6      | Killed Menkaure
  5855 | D:6      | Noticed Eustachio
  5898 | D:6      | Killed Eustachio
  5898 | D:6      | Reached XP level 9. HP: 60/63 MP: 24/24
  6719 | D:7      | Acquired Okawaru's first power
  6719 | D:7      | Reached skill level 5 in Short Blades
  6997 | D:6      | Gained mutation: Your flesh is heat resistant. [potion of mutation]
  6997 | D:6      | Gained mutation: Scrolls take you a little longer to read. [potion of mutation]
  6997 | D:6      | Gained mutation: You can spit poison. [potion of mutation]
  7272 | D:7      | Found a sacrificial altar of Ru.
  7283 | D:7      | Found an ancient bone altar of Kikubaaqudgha.
  7297 | D:7      | Found a basalt altar of Yredelemnul.
  7300 | D:7      | Found a deep blue altar of Sif Muna.
  7719 | D:8      | Noticed Maurice
  7874 | D:8      | Killed Maurice
  8007 | D:8      | Reached XP level 10. HP: 52/69 MP: 25/25
  8011 | D:8      | Identified a scroll of acquirement
  8534 | D:8      | Found a burning altar of Makhleb.
  8650 | D:8      | Noticed Grum
  8858 | D:8      | Killed Grum
  9055 | D:8      | Found an opulent altar of Gozag.
 10374 | D:9      | Found a snail-covered altar of Cheibriados.
 10634 | D:10     | Entered Level 10 of the Dungeon
 10660 | D:10     | Noticed zureal's ghost (experienced GrMo)
 10720 | D:10     | Killed zureal's ghost
 10720 | D:10     | Reached XP level 11. HP: 32/75 MP: 26/26
 11072 | D:10     | Found a roughly hewn altar of Beogh.
 11506 | D:10     | Noticed a hill giant
 11520 | D:10     | Killed a hill giant
 12306 | D:10     | Noticed an orc knight
 12356 | D:10     | Killed an orc knight
 12420 | D:10     | HP: 3/77 [orc priest/divine providence (14)]
 12532 | D:9      | HP: 1/77 [orc warrior/long sword (11)]
 12991 | D:10     | Found a staircase to the Orcish Mines.
 14233 | D:11     | Reached skill level 10 in Short Blades
 14269 | D:11     | Noticed a hill giant
 14314 | D:11     | Killed a hill giant
 14314 | D:11     | Acquired Okawaru's second power
 14336 | D:11     | Noticed a hill giant
 14633 | D:11     | Killed an unseen horror
 14816 | D:11     | Noticed a seven-headed hydra
 14844 | D:11     | Killed a seven-headed hydra
 14844 | D:11     | Reached skill level 10 in Shields
 14844 | D:11     | Reached XP level 12. HP: 26/82 MP: 27/27
 15102 | D:11     | HP: 4/82 [electric eel/bolt of electricity (5)]
 15103 | D:11     | Killed from afar by an electric eel

Action                   |  1- 3 |  4- 6 |  7- 9 | 10-12 || total
-------------------------+-------+-------+-------+-------++-------
Melee: Long sword        |   107 |   128 |       |       ||   235
       Rapier            |       |    15 |   611 |  1211 ||  1837
Invok: Heroism           |       |       |       |     3 ||     3
 Abil: Spit Poison       |       |       |       |     1 ||     1
Evoke: Wand              |       |       |       |     1 ||     1
  Use: Scroll            |     7 |     2 |     8 |     8 ||    25
       Potion            |       |     3 |     8 |     5 ||    16
  Eat: Chunk             |     2 |     4 |    14 |    19 ||    39
       Fruit             |       |     1 |     2 |     5 ||     8
       Beef jerky        |       |       |     1 |     1 ||     2
